 Dungeon Crawl Stone Soup version 0.29-a0-251-g80730f7218 (webtiles) character file.

Game seed: 1745850762779735501

602 spaghetti the Magician (level 7, -1/40 HPs)
             Began as a Deep Elf Chaos Knight on Mar 5, 2022.
             Was a Plaything of Xom.
             Slain by an orc warrior
             ... wielding a +0 trident
              (12 damage)
             ... on level 5 of the Dungeon.
             The game lasted 00:06:55 (4627 turns).

spaghetti the Magician (Deep Elf Chaos Knight)      Turns: 4627, Time: 00:06:56

Health: -1/40      AC: 12    Str:  9    XL:     7   Next: 18%
Magic:  18/18      EV: 12    Int: 19    God:    Xom [.....*]
Gold:   170        SH:  4    Dex: 20    Spells: 3/18 levels left

rFire   . . .      SeeInvis .   c - +2 dagger (venom) {short}
rCold   + . .      Faith    .   (no shield)
rNeg    . . .      Spirit   .   b - +2 leather armour
rPois   .          Reflect  .   p - +0 helmet
rElec   .          Harm     .   m - +2 cloak
rCorr   +          Rampage  .   (no gloves)
Will    .....                   l - +0 pair of boots
Stlth   +.........              (no amulet)
HPRegen 0.13/turn               e - ring of resist corrosion
MPRegen 0.16/turn               q - +6 ring of dexterity

@: about to teleport
A: fangs 1, talons 1, iridescent scales 1, large bone plates 1, cold resistance
1, passive freeze
a: Renounce Religion


You were on level 5 of the Dungeon.
You worshipped Xom.
You were Xom's teddy bear.
You visited 1 branch of the dungeon, and saw 5 of its levels.

You collected 170 gold pieces.


Innate Abilities, Weirdness & Mutations

You have very sharp teeth.
You have sharp toenails.
You are partially covered in iridescent scales. (AC +2)
You are partially covered in large bone plates. (SH +4)
Your flesh is cold resistant. (rC+)
A frigid envelope surrounds you and freezes all who hurt you.


   Skills:
 - Level 2.4 Fighting
 - Level 2.6 Long Blades
 - Level 0.7 Armour
 - Level 2.8 Dodging
 - Level 6.1 Spellcasting
 + Level 3.4 Conjurations
 + Level 3.4 Ice Magic
 + Level 3.1 Air Magic


You had 3 spell levels left.
You knew the following spells:

 Your Spells              Type           Power      Damage    Failure   Level
a - Ignite Poison         Fire/Tmut/Pois 5%         N/A       41%         3
b - Mephitic Cloud        Conj/Pois/Air  14%        N/A       19%         3
c - Summon Lightning Spi  Summ/Air       11%        N/A       61%         4
d - Freezing Cloud        Conj/Ice/Air   9%         6-21      71%         5

Your spell library contained the following spells:

 Spells                   Type           Power      Damage    Failure   Level
 Storm Form               Tmut/Air       5%         N/A       100%        7
 Maxwell's Capacitive Co  Air            8%         ∞         100%        8

Inventory:

Hand Weapons
 a - a +0 falchion of chaos {long}
 c - a +2 dagger of venom (weapon) {short}
   (You took it off a kobold on level 1 of the Dungeon)
Missiles
 d - 44 stones (quivered) {throwing}
 f - 5 silver javelins {throwing}
 o - a throwing net {=f!fthrowing}
 s - 3 boomerangs {throwing}
Armour
 b - a +2 leather armour (worn)
 l - a +0 pair of boots (worn)
   (You found it on level 4 of the Dungeon)
 m - a +2 cloak (worn)
   (You found it on level 2 of the Dungeon)
 p - a +0 helmet (worn)
   (You found it on level 4 of the Dungeon)
Jewellery
 e - a ring of resist corrosion (left hand)
   (You found it on level 1 of the Dungeon)
 n - a ring of protection from cold
   (You took it off a kobold on level 3 of the Dungeon)
 q - a +6 ring of dexterity (right hand)
   (You found it on level 4 of the Dungeon)
Wands
 g - a wand of paralysis (8)
   (You found it on level 4 of the Dungeon)
 i - a wand of acid (5)
   (You took it off an orc on level 4 of the Dungeon)
Scrolls
 h - a scroll of teleportation {@r4}
Potions
 j - 2 potions of attraction {!q}
 k - a potion of might
 r - a potion of resistance

Dungeon Overview and Level Annotations

Branches:
Dungeon (5/15)
 Temple: D:4-7

Altars:
Ashenzari
Xom

#............# ####
#............## ###..###
#..............##......#
#.....o......#.$.$......
#...........#...........
#.......... #...l....
#.....o..# #........ #@###+#
#........ #.)...# #........
#.###.# ##....... ###
####.....### #....... ##.##
###..'.._..+.# ##......
#...####....#.....#.# ##.)....
#.....#.....#.###.#.###......#
##..........#.....#.##.....###
#..........#+###+#......###


You could see an orc warrior and an orc priest.


Message History

The orc priest shouts!
You hear a shout!
The hound misses you.
You closely miss the hound. You block the hound's attack.
An orc comes into view. It is wielding a +0 whip.
The hound bites you but does no damage.
The hound is very cold.
You barely miss the hound. The hound bites you but does no damage.
The hound is very cold.
You kill the hound!
You have reached level 7! 😎 HP[+4] MP[+1]
You now have 40 max hp (+4).
Your hp is fully restored (40).
Your mp is fully restored (18).
You hit the iguana but do no damage. The iguana bites you.
The iguana is very cold. 😕 HP[-2]
You take 2 damage, and now have 38/40 hp.
You hit the iguana.
The iguana is poisoned.
An orc warrior comes into view. It is wielding a +0 trident.
The iguana bites you.
The iguana is very cold.
The iguana seems to slow down. 😕 HP[-2]
You take 2 damage, and now have 36/40 hp.
The orc warrior shouts!
You hit the iguana but do no damage.
The iguana looks as sick as possible!
You hit the iguana but do no damage.
The iguana looks as sick as possible!
The iguana is no longer moving slowly.
You kill the iguana!
Your Air Magic skill increases to level 3! 😕 HP[+1]
You closely miss the orc. You bite the orc. You hit the orc.
The orc is poisoned.
The orc barely misses you. The orc priest barely misses you.
You closely miss the orc. The orc hits you but does no damage.
The orc is very cold.
The orc priest hits you with a +0 mace.
The orc priest is very cold. 😕 HP[-2]
You take 2 damage, and now have 35/40 hp.
You hit the orc.
You kill the orc!
You hit the orc priest. Your bite misses the orc priest.
The orc priest hits you with a +0 mace.
The orc priest is very cold.
You block the orc warrior's attack.
An orc priest comes into view. It is wielding a +0 mace. 😕 HP[-2]
You take 2 damage, and now have 33/40 hp.
You completely miss the orc priest.
The orc priest shouts!
You punch the orc priest.
You kill the orc priest!
The orc warrior hits you from afar with a +0 trident! 😮 HP[-7]
You take 7 damage, and now have 26/40 hp.
You are too injured to fight recklessly!
You are too injured to fight recklessly!
You are too injured to fight recklessly!
You are too injured to fight recklessly!
You are too injured to fight recklessly!
You are too injured to fight recklessly!
You are too injured to fight recklessly!
You are too injured to fight recklessly!
You are too injured to fight recklessly!
You are too injured to fight recklessly!
You are too injured to fight recklessly!
You are too injured to fight recklessly!
You are too injured to fight recklessly!
You are too injured to fight recklessly!
You are too injured to fight recklessly!
You are too injured to fight recklessly!
You barely miss the orc. The orc warrior completely misses you.
The orc hits you but does no damage.
The orc is very cold.
You kill the orc!
The orc priest mumbles some strange prayers to Beogh against you.
Beogh smites you!
* * * LOW HITPOINT WARNING * * *
The orc warrior hits you with a +0 trident.
* * * LOW HITPOINT WARNING * * *
The orc warrior is very cold.
There is an open door, spattered with blood here.
Things that are here:
a +0 whip {mace}; a +0 mace {mace}; an iguana corpse 😨 HP[-9]
You take 9 damage, and now have 17/40 hp.
MASSIVE DAMAGE!! (PAUSE) Unknown command.
Unknown command.
You barely miss the orc warrior.
You bite the orc warrior, but do no damage.
The orc warrior hits you with a +0 trident.
* * * LOW HITPOINT WARNING * * *
The orc warrior is very cold. 😨 HP[-6]
You take 6 damage, and now have 11/40 hp.
Okay, then.
Okay, then.
As you read the scroll of teleportation {@r4}, it crumbles to dust.
You feel strangely unstable.
The orc priest calls upon Beogh to heal the orc warrior.
The orc warrior is healed somewhat.
The orc warrior hits you with a +0 trident!
You die...
Xom chuckles heartily!

Skill      XL: |  1  2  3  4  5  6  7 |
---------------+----------------------+-----
Spellcasting   | 1 3 4 6 |  6.1
Conjurations   | 1 3 |  3.4
Ice Magic      | 1 3 |  3.4
Air Magic      | 1 2 3 |  3.1
Fighting       | |  2.4
Long Blades    | |  2.6
Armour         | |  0.7
Dodging        | |  2.8

Action                   |  1- 3 |  4- 6 |  7- 9 || total
-------------------------+-------+-------+-------++-------
Melee: Dagger            |    94 |    98 |    12 ||   204
       Falchion          |     1 |       |       ||     1
       Punch             |     1 |     3 |     1 ||     5
       Bite              |     5 |    13 |     2 ||    20
Throw: Stone             |       |     4 |       ||     4
Evoke: Wand              |       |     4 |       ||     4
  Use: Scroll            |     6 |       |     1 ||     7
       Potion            |     3 |     5 |       ||     8
 Stab: Sleeping          |     2 |       |       ||     2
Armor: Leather armour    |    44 |    44 |     2 ||    90
       Skin              |     1 |     1 |       ||     2
Dodge: Dodged            |    60 |    70 |     3 ||   133
Block: Other             |       |     2 |     1 ||     3

Levels and vault maps discovered:
D:1:      dpeg_arrival_fog, layout_rooms
D:2:      layout_rooms, dk_vineyard_1, minivault_11
D:3:      layout_loops_corners, hex_medium
D:4:      layout_basic, st_stairs_2, uniq_menkaure
D:5:      layout_cave_pods, mainiacjoe_overflow_six_doors_small, uniq_pikel

Notes
Turn   | Place    | Note
-------+----------+-------------------------------------------
     0 | D:1      | spaghetti the Deep Elf Chaos Knight began the quest for the
                  | Orb.
     0 | D:1      | Reached XP level 1. HP: 13/13 MP: 3/3
     0 | D:1      | magus.rc [v1.9.6]
    33 | D:1      | HP: 3/13 [poisoned by a kobold]
    35 | D:1      | HP: 1/13 [poisoned by a kobold]
   237 | D:1      | XOM: divination: detect items
   332 | D:1      | You add the spells Ignite Poison, Mephitic Cloud and
                  | Freezing Cloud to your library.
   512 | D:1      | XOM: potion effect (might)
   517 | D:1      | Reached skill level 1 in Spellcasting
   545 | D:1      | XOM: divination: detect items
   632 | D:1      | Reached XP level 2. HP: 18/18 MP: 4/6
   637 | D:1      | Reached skill level 2 in Spellcasting
   707 | D:1      | XOM: smoke on damage
   715 | D:1      | Reached skill level 3 in Spellcasting
  1160 | D:2      | Reached XP level 3. HP: 9/22 MP: 9/9
  1161 | D:2      | XOM: scenery: 2 doors open
  1275 | D:2      | XOM: divination: detect creatures
  1458 | D:2      | XOM: cloud trail
  1513 | D:2      | XOM: scenery: summon butterflies
  1547 | D:2      | XOM: give mutations
  1547 | D:2      | Gained mutation: You have very sharp teeth. [Xom's grace]
  1547 | D:2      | Gained mutation: You are partially covered in iridescent
                  | scales. (AC +2) [Xom's grace]
  1727 | D:3      | XOM: scenery: create altars
  1836 | D:3      | XOM: 3-stop teleportation journey
  1890 | D:3      | Reached skill level 4 in Spellcasting
  2041 | D:3      | XOM: cloud trail
  2063 | D:3      | XOM: 2-stop teleportation journey
  2511 | D:3      | XOM: scenery: create altars
  2638 | D:3      | You pick up a book of the Sky and begin reading...
  2638 | D:3      | You add the spells Summon Lightning Spire, Storm Form and
                  | Maxwell's Capacitive Coupling to your library.
  2699 | D:3      | Reached XP level 4. HP: 27/27 MP: 12/12
  2789 | D:4      | XOM: cast spell 'Alistair's Intoxication'
  2789 | D:4      | Noticed a scorpion
  2793 | D:4      | Reached skill level 5 in Spellcasting
  2806 | D:3      | Killed a scorpion
  2807 | D:3      | Reached skill level 6 in Spellcasting
  2807 | D:3      | Reached XP level 5. HP: 16/31 MP: 13/15
  2817 | D:3      | XOM: silly message
  2941 | D:3      | XOM: divination: magic mapping
  2967 | D:4      | HP: 11/46 [orc/bolt of acid (9)]
  3209 | D:3      | Learned a level 3 spell: Ignite Poison
  3213 | D:3      | Learned a level 3 spell: Mephitic Cloud
  3214 | D:3      | XOM: divination: detect creatures
  3218 | D:3      | Learned a level 4 spell: Summon Lightning Spire
  3224 | D:3      | Learned a level 5 spell: Freezing Cloud
  3243 | D:4      | Noticed Menkaure
  3245 | D:4      | XOM: draining
  3246 | D:4      | Killed Menkaure
  3247 | D:4      | Reached skill level 1 in Conjurations
  3247 | D:4      | Reached skill level 1 in Ice Magic
  3247 | D:4      | Reached skill level 1 in Air Magic
  3308 | D:4      | XOM: 2-stop teleportation journey
  3323 | D:4      | Reached XP level 6. HP: 29/36 MP: 17/17
  3327 | D:4      | Reached skill level 2 in Conjurations
  3332 | D:4      | Reached skill level 2 in Ice Magic
  3333 | D:4      | XOM: blink monster(s)
  3337 | D:4      | Reached skill level 2 in Air Magic
  3570 | D:4      | XOM: silly message
  3615 | D:4      | XOM: torment (15/36 hp)
  3688 | D:4      | XOM: noise
  3754 | D:4      | XOM: summons 1 hostile demon
  3965 | D:4      | XOM: torment (19/36 hp)
  4437 | D:4      | XOM: give mutations
  4437 | D:4      | Gained mutation: You are partially covered in large bone
                  | plates. (SH +4) [Xom's grace]
  4437 | D:4      | Gained mutation: You have sharp toenails. [Xom's grace]
  4437 | D:4      | Gained mutation: Your flesh is cold resistant. (rC+) [Xom's
                  | grace]
  4437 | D:4      | Gained mutation: A frigid envelope surrounds you and
                  | freezes all who hurt you. [Xom's grace]
  4470 | D:5      | Entered Level 5 of the Dungeon
  4479 | D:4      | XOM: cloud trail
  4529 | D:5      | XOM: 5-stop teleportation journey
  4541 | D:5      | Reached skill level 3 in Conjurations
  4541 | D:5      | Reached skill level 3 in Ice Magic
  4596 | D:5      | Found a broken altar of Ashenzari.
  4613 | D:5      | Reached XP level 7. HP: 40/40 MP: 18/18
  4618 | D:5      | Reached skill level 3 in Air Magic
  4627 | D:5      | Slain by an orc warrior

Vanquished Creatures
  Menkaure (D:4)
  A black bear (D:4)
  A scorpion (D:3)
  2 hounds
  An orc priest (D:5)
  2 iguanas (D:5)
  An orc wizard (D:5)
  5 gnolls
  4 adders
  2 worms
  A dart slug (D:4)
  7 orcs
  3 ball pythons
  4 endoplasms
  4 giant cockroaches
  7 goblins
  5 hobgoblins
  3 jackals (D:1)
  4 kobolds
  3 quokkas (D:1)
  2 bats
  2 frilled lizards
  4 rats
69 creatures vanquished.

Vanquished Creatures (collateral kills)
  An adder (D:3)
1 creature vanquished.

Grand Total: 70 creatures vanquished

Table legend:
 A = Non-vault XP
 B = Vault XP
 C = Vault XP percentage of total XP
 D = Non-vault monster count
 E = Vault monster count
 F = Vault count percentage of total count
                 A         B        C        D         E       F
            +---------+---------+-------+---------+---------+-------
      Total |     690 |     170 |  19.8 |      67 |       3 |   4.3
            +---------+---------+-------+---------+---------+-------
        D:1 |      38 |       0 |   0.0 |      14 |       0 |   0.0
        D:2 |      11 |       0 |   0.0 |       4 |       0 |   0.0
        D:3 |     137 |       0 |   0.0 |      21 |       0 |   0.0
        D:4 |     298 |     170 |  36.3 |      19 |       3 |  13.6
        D:5 |     206 |       0 |   0.0 |       9 |       0 |   0.0
            +---------+---------+-------+---------+---------+-------

Illustrated notes

Table legend:
 A = Kills in this place as a percentage of kills in entire the game.
 B = Kills by you in this place as a percentage of kills by you in the entire game.
 C = Kills by friends in this place as a percentage of kills by friends in the entire game.
 D = Other kills in this place as a percentage of other kills in the entire game.
 E = Experience gained in this place as a percentage of experience gained in the entire game.
 F = Experience gained in this place divided by the number of levels of this place that you have seen.
                   A       B       C       D       E      F
               +-------+-------+-------+-------+-------+----------------------
         Total | 100.0 | 100.0 | 100.0 |   N/A | 100.0 | 172.0
       Dungeon | 100.0 | 100.0 | 100.0 |   N/A | 100.0 | 172.0
               +-------+-------+-------+-------+-------+----------------------

Table legend: (Time is in decaauts)
 A = Elapsed time spent in this place.
 B = Non-inter-level travel time spent in this place.
 C = Inter-level travel time spent in this place.
 D = Time resting spent in this place.
 E = Time spent auto-exploring this place.
 F = Levels seen in this place.
 G = Mean time per level.
                   A        B        C        D        E       F      G
               +--------+--------+--------+--------+--------+-----+--------+
         Total |   4623 |   4495 |    128 |   1378 |   2587 |   5 |  924.6 |
       Dungeon |   4623 |   4495 |    128 |   1378 |   2587 |   5 |  924.6 |
               +--------+--------+--------+--------+--------+-----+--------+

Top non-repeatable levels by time:
     D:4: 1532 daAuts
     D:3: 1264 daAuts
     D:1: 978 daAuts
     D:2: 711 daAuts
     D:5: 136 daAuts
